 Dungeon Crawl Stone Soup version 0.28-b1-1-g3c77fb2ed1 (webtiles) character file.

Game seed: 14288354134762416883

488 RascalDebosk the Firebug (level 6, -12/50 HPs)
             Began as a Draconian Fire Elementalist on Jan 30, 2022.
             Mangled by Duvessa (14 damage)
             ... on level 4 of the Dungeon.
             The game lasted 01:08:40 (4938 turns).

RascalDebosk the Firebug (DrFE)                     Turns: 4938, Time: 01:08:41

Health: -12/50     AC:  8    Str: 10    XL:     6   Next: 90%
Magic:  4/20       EV: 12    Int: 16    God:
Gold:   138        SH:  0    Dex: 13    Spells: 3/12 levels left

rFire   . . .      SeeInvis .   c - +0 trident
rCold   . . .      Faith    .   (no shield)
rNeg    . . .      Spirit   .   (armour unavailable)
rPois   .          Reflect  .   (helmet restricted)
rElec   .          Harm     .   (no cloak)
rCorr   +          Rampage  .   o - +1 pair of gloves
Will    .....                   (no boots)
Stlth   ++........              (no amulet)
HPRegen 0.16/turn               i - ring of magical power
MPRegen 0.17/turn               g - ring of resist corrosion

@: studying Air Magic
A: AC +6, unfitting armour, cold-blooded, agile 1, dopey 1
a: no special abilities


You were on level 4 of the Dungeon.
You visited 1 branch of the dungeon, and saw 4 of its levels.

You collected 138 gold pieces.

Inventory:

Hand Weapons
 c - a +0 trident (weapon)
Missiles
 a - 8 poisoned darts
Armour
 o - a +1 pair of gloves (worn)
Jewellery
 f - a ring of positive energy
 g - a ring of resist corrosion (right hand)
 i - a ring of magical power (left hand)
Wands
 q - a wand of flame (11)
Scrolls
 e - a scroll of identify
 h - 3 scrolls of amnesia
 m - a scroll of vulnerability
Potions
 d - 2 potions of flight
 n - a potion of lignification


   Skills:
 + Level 2.4 Fighting
 + Level 2.8 Dodging
 + Level 3.0 Stealth
 * Level 3.6 Spellcasting
 + Level 2.5 Conjurations
 + Level 1.6 Hexes
 + Level 1.7 Transmutations
 + Level 3.8 Fire Magic


You had 3 spell levels left.
You knew the following spells:

 Your Spells              Type           Power      Damage    Failure   Level
a - Foxfire               Conj/Fire      52%        2x1d6     4%          1
b - Scorch                Fire           30%        2d7       5%          2
c - Magic Dart            Conj           44%        1d5       6%          1
d - Searing Ray           Conj           22%        2d5       10%         2
e - Inner Flame           Hex/Fire       11%        N/A       17%         3

Your spell library contained the following spells:

 Spells                   Type           Power      Damage    Failure   Level
 Conjure Flame            Conj/Fire      13%        6-21      14%         3
 Flame Wave               Conj/Fire      13%        2d6       43%         4
 Fulminant Prism          Conj/Hex       4%         3d6       58%         4
 Irradiate                Conj/Tmut      4%         3d15      90%         5
 Blade Hands              Tmut           4%         N/A       94%         5
 Dragon Form              Tmut           4%         N/A       100%        7


Dungeon Overview and Level Annotations

Branches:
Dungeon (4/15)
 Temple: D:4-7

Altars:
Hepliaklqana
Ru
Uskayaw

Shops:
D:2 [

Annotations:
D:4 2 runed translucent doors, Duvessa, Ijyb, Pikel


Innate Abilities, Weirdness & Mutations

Your plain brown scales are hard. (AC +6)
You cannot fit into any form of body armour.
You are cold-blooded and may be slowed by cold attacks.
You are agile. (Dex +2)
You are dopey. (Int -2)


Message History

Press: ? - help, Shift-Dir - straight line, f/p - Duvessa
Aim: Duvessa, wielding a +0 short sword and wearing a +0 leather armour (heavily wounded, berserk, 72% to hit)
The puff of flame hits Duvessa.
Duvessa is heavily wounded.
Duvessa hits you with a +0 short sword. Duvessa closely misses you.
Aiming: Throw Flame
Press: ? - help, Shift-Dir - straight line, f/p - Duvessa
Aim: Duvessa, wielding a +0 short sword and wearing a +0 leather armour (heavily wounded, berserk, 72% to hit)
The puff of flame misses Duvessa.
Duvessa closely misses you.
Aiming: Throw Flame
Press: ? - help, Shift-Dir - straight line, f/p - Duvessa
Aim: Duvessa, wielding a +0 short sword and wearing a +0 leather armour (heavily wounded, berserk, 72% to hit)
The puff of flame hits Duvessa.
Duvessa is heavily wounded.
Duvessa hits you with a +0 short sword! Duvessa hits you with a +0 short sword.
Aiming: Throw Flame
Press: ? - help, Shift-Dir - straight line, f/p - Duvessa
Aim: Duvessa, wielding a +0 short sword and wearing a +0 leather armour (heavily wounded, berserk, 72% to hit)
The puff of flame misses Duvessa.
Duvessa barely misses you.
Aiming: Throw Flame
Press: ? - help, Shift-Dir - straight line, f/p - Duvessa
Aim: Duvessa, wielding a +0 short sword and wearing a +0 leather armour (heavily wounded, berserk, 72% to hit)
The puff of flame hits Duvessa.
Duvessa is heavily wounded.
Duvessa hits you with a +0 short sword!
* * * LOW HITPOINT WARNING * * *
Duvessa misses you.
Aiming: Throw Flame
Press: ? - help, Shift-Dir - straight line, f/p - Duvessa
Aim: Duvessa, wielding a +0 short sword and wearing a +0 leather armour (heavily wounded, berserk, 72% to hit)
The puff of flame hits Duvessa.
Duvessa is severely wounded.
Duvessa barely misses you.
Aiming: Throw Flame
Press: ? - help, Shift-Dir - straight line, f/p - Duvessa
Aim: Duvessa, wielding a +0 short sword and wearing a +0 leather armour (severely wounded, berserk, 72% to hit)
The puff of flame hits Duvessa.
Duvessa is severely wounded.
Duvessa closely misses you. Duvessa hits you with a +0 short sword!
You die...

# ###.≈
..#..#
#..#.⌠.
###...+...
#.@...+≈#
#e#...#≈≈[
#...#..#≈≈.
...)...##.##
#..$.##.# #
....### .#
.###< # . ..
###


You could see Duvessa (berserk).

Vanquished Creatures
  Sigmund (D:3)
  A lemure (D:4)
  Dowan (D:4)
  A centaur skeleton (D:4)
  Jessica (D:3)
  An iguana (D:4)
  Natasha (thrice) (D:3)
  A hound skeleton (D:4)
  Robin (D:3)
  2 adders (D:3)
  A worm (D:4)
  5 endoplasms
  4 giant cockroaches
  12 goblins
  12 hobgoblins
  4 jackals (D:3)
  8 kobolds
  4 quokkas
  4 ball pythons
  7 bats
  3 frilled lizards
  5 rats
82 creatures vanquished.

Vanquished Creatures (collateral kills)
  2 foxfires (D:3)
2 creatures vanquished.

Vanquished Creatures (others)
  149 foxfires
  14 plants (D:3)
163 creatures vanquished.

Grand Total: 247 creatures vanquished

Notes
Turn   | Place    | Note
-------+----------+-------------------------------------------
     0 | D:1      | RascalDebosk the Draconian Fire Elementalist began the
                  | quest for the Orb.
     0 | D:1      | Reached XP level 1. HP: 14/14 MP: 3/3
   450 | D:1      | Reached XP level 2. HP: 12/22 MP: 5/5
   593 | D:1      | Learned a level 2 spell: Scorch
  1069 | D:1      | Found a faded altar of an unknown god.
  1567 | D:2      | Reached XP level 3. HP: 27/27 MP: 6/6
  2311 | D:2      | Found Sodghano's Antique Armour Emporium.
  2317 | D:2      | Learned a level 1 spell: Magic Dart
  2320 | D:2      | Learned a level 2 spell: Searing Ray
  2551 | D:3      | Noticed Robin
  2558 | D:3      | Reached skill level 1 in Fighting
  2957 | D:3      | Noticed Natasha
  2961 | D:3      | Killed Natasha
  2962 | D:3      | Reached XP level 4. HP: 34/35 MP: 7/7
  3049 | D:3      | Noticed Natasha
  3063 | D:3      | Killed Natasha
  3165 | D:3      | Found a hazy altar of Hepliaklqana.
  3275 | D:3      | Noticed Natasha
  3283 | D:3      | Killed Natasha
  3284 | D:3      | Reached XP level 5. HP: 34/40 MP: 8/9
  3391 | D:3      | Found a hide-covered altar of Uskayaw.
  3392 | D:3      | Found a sacrificial altar of Ru.
  3449 | D:3      | Killed Robin
  3682 | D:3      | Noticed Sigmund
  3690 | D:3      | Killed Sigmund
  3691 | D:3      | Reached skill level 1 in Hexes
  3691 | D:3      | Reached skill level 1 in Transmutations
  3691 | D:3      | Reached XP level 6. HP: 30/48 MP: 9/10
  4174 | D:3      | Noticed Jessica
  4176 | D:3      | Killed Jessica
  4253 | D:4      | Noticed Ijyb
  4496 | D:4      | Learned a level 3 spell: Inner Flame
  4759 | D:4      | Gained mutation: You are clumsy. (Dex -2) [potion of
                  | mutation]
  4760 | D:4      | Lost mutation: You are clumsy. (Dex -2) [potion of
                  | mutation]
  4760 | D:4      | Gained mutation: You are weak. (Str -2) [potion of
                  | mutation]
  4760 | D:4      | Gained mutation: You have a pair of small horns on your
                  | head. [potion of mutation]
  4761 | D:4      | Lost mutation: You are weak. (Str -2) [potion of mutation]
  4761 | D:4      | Lost mutation: You have a pair of small horns on your head.
                  | [potion of mutation]
  4761 | D:4      | Gained mutation: You tend to lose your temper in combat.
                  | [potion of mutation]
  4761 | D:4      | Gained mutation: You are dopey. (Int -2) [potion of
                  | mutation]
  4761 | D:4      | Lost mutation: You tend to lose your temper in combat.
                  | [potion of mutation]
  4761 | D:4      | Gained mutation: You are agile. (Dex +2) [potion of
                  | mutation]
  4913 | D:4      | Noticed Pikel
  4918 | D:4      | Found a large runed translucent door.
  4918 | D:4      | Found a large runed translucent door.
  4918 | D:4      | Noticed Dowan
  4918 | D:4      | Noticed Duvessa
  4928 | D:4      | Killed Dowan
  4936 | D:4      | HP: 2/50 [Duvessa (14)]
  4938 | D:4      | Mangled by Duvessa

Illustrated notes

Levels and vault maps discovered:
D:1:      dpeg_arrival_rhombi, layout_loops_ring,
          hellmonk_ecumenical_altar_leap_of_faith
D:2:      minmay_spotlight, layout_basic, serial_shops, nicolae_shop_crystal
D:3:      layout_loops_ring, chequers_temple_overflow_statue_of_worship,
          nzn_hepliaklqana_mist_gate, serial_forest,
          infiniplex_forest_clump_double, infiniplex_forest_clump_tiny,
          infiniplex_forest_end_2, infiniplex_forest_clump_double,
          infiniplex_forest_clump_small, infiniplex_forest_straight_3,
          infiniplex_forest_lined_room_2, infiniplex_forest_clump_medium,
          uniq_sigmund, uniq_jessica, uniq_natasha, uniq_robin
D:4:      layout_basic, ebering_ghost_disaster_area, guppyfry_shop_venom,
          uniq_duvessa, uniq_ijyb, uniq_crazy_yiuf_cottage, uniq_menkaure,
          uniq_pikel

Skill      XL: |  1  2  3  4  5  6 |
---------------+-------------------+-----
Stealth        | 2 3 |  3.0
Dodging        | 2 |  2.8
Fighting       | 1 2 |  2.4
Conjurations   | 2 |  2.5
Spellcasting   | 3 |  3.6
Hexes          | 1 |  1.6
Transmutations | 1 |  1.7
Fire Magic     | |  3.8

Action                   |  1- 3 |  4- 6 || total
-------------------------+-------+-------++-------
Melee: Unarmed           |    12 |       ||    12
       Trident           |    61 |    28 ||    89
       Tailslap          |    10 |     8 ||    18
       Punch             |     1 |       ||     1
 Cast: Foxfire           |    34 |    69 ||   103
       Scorch            |     4 |     5 ||     9
       Searing Ray       |     5 |    12 ||    17
       Magic Dart        |     4 |     3 ||     7
       Inner Flame       |       |     2 ||     2
Evoke: Wand              |       |     9 ||     9
  Use: Scroll            |       |     9 ||     9
       Potion            |       |     5 ||     5
 Stab: Sleeping          |     2 |       ||     2
Armor: Skin              |    32 |    15 ||    47
Dodge: Dodged            |    58 |    42 ||   100
